 Dungeon Crawl Stone Soup version 0.21.0-26-g889b8f6 (webtiles) character file.

63 Megalobster the Shooter (level 3, -2/29 HPs)
             Began as a Centaur Hunter on Jan 27, 2018.
             Slain by Natasha (5 damage)
             ... on level 2 of the Dungeon.
             The game lasted 00:04:23 (1511 turns).

Megalobster the Shooter (Centaur Hunter)            Turns: 1511, Time: 00:04:24

Health: -2/29      AC:  5    Str: 15    XL:     3   Next: 89%
Magic:  3/3        EV:  8    Int: 10    God:
Gold:   22         SH:  0    Dex:  9    Spells: 2/2 levels left

rFire    . . .     SeeInvis .   a - +1 shortbow
rCold    . . .     Gourm    .   (shield currently unavailable)
rNeg     . . .     Faith    .   s - +0 ring mail
rPois    .         Spirit   .   (no helmet)
rElec    .         Reflect  .   (no cloak)
rCorr    .         Harm     .   (no gloves)
MR       .....                  (no barding)
Stlth    ..........             (no amulet)
HPRegen  0.09/turn              k - ring of wizardry
MPRegen  0.08/turn              (no ring)

@: slowed
A: large, hooves 3, deformed body, speed 2, tough skin 3
a: no special abilities


You were on level 2 of the Dungeon.
You were not hungry.

You visited 1 branch of the dungeon, and saw 2 of its levels.

You collected 22 gold pieces.

Inventory:

Hand Weapons
 a - a +1 shortbow (weapon)
 b - a +0 short sword
 r - a +2 dagger of freezing
Missiles
 d - 65 arrows (quivered)
 e - 72 stones
Armour
 c - a +0 leather armour
 s - a +0 ring mail (worn)
Jewellery
 k - a ring of wizardry (left hand)
 l - a +3 ring of protection {unknown}
Scrolls
 h - a scroll of noise {unknown}
 i - a scroll of teleportation {unknown}
 j - 2 scrolls of identify {unknown}
 n - a scroll of remove curse {unknown}
 o - a scroll of random uselessness {unknown}
Potions
 m - a potion of degeneration {unknown}
 p - a potion of mutation {unknown}
 q - a potion of curing {unknown}
Comestibles
 f - 4 rations
 g - 2 chunks of flesh


   Skills:
 - Level 2.0 Fighting
 * Level 7.3 Bows
 - Level 1.3 Dodging
 - Level 0.4 Stealth


You had 2 spell levels left.
You didn't know any spells.

Dungeon Overview and Level Annotations

Branches:
Dungeon (2/15)

Altars:

Annotations:
D:2 Natasha


Innate Abilities, Weirdness & Mutations

You have hooves in place of feet.
Armour fits poorly on your strangely shaped body.
You cover ground very quickly.
You have extremely tough skin. (AC +3)


Message History

You shoot an arrow. The arrow completely misses Natasha.
The kobold barely misses you. Natasha claws you.
* * * LOW HITPOINT WARNING * * *
The kobold hits you but does no damage.
You take 3 damage, and have 8/29 hp.
Firing (i - inventory. (,) - cycle):
d - 67 arrows (quivered)
Press: ? - help, Shift-Dir - straight line, f/p - Natasha
Aim: Natasha (severely wounded)
You shoot an arrow. The arrow barely misses Natasha.
Natasha mumbles some strange words.
Natasha shimmers violently.
Natasha claws you.
* * * LOW HITPOINT WARNING * * *
The kobold barely misses you.
You take 5 damage, and have 3/29 hp.
Firing (i - inventory. (,) - cycle):
d - 66 arrows (quivered)
Press: ? - help, Shift-Dir - straight line, f/p - Natasha
Aim: Natasha (severely wounded)
You shoot an arrow. The arrow barely misses Natasha.
Natasha claws you.
You die...

###### #####
#.#..##
#.....###...$.#
...............##
.................#
............(###.#
...........K#h# ...
)...........@.#
.K...
...........###
.#.###
...........###.
....
#......#.....#.# .#
##.#......###..#..#
#.....#.#.... #.#
#.....#.#.####...
#.#.......##....
##.#..........#


You could see Natasha and a kobold.

Vanquished Creatures
  An adder (D:2)
  A worm (D:2)
  2 dart slugs (D:1)
  4 leopard geckos (D:1)
  A ball python (D:2)
  2 giant cockroaches
  7 hobgoblins (D:1)
  4 jackals (D:1)
  2 kobolds (D:1)
  3 bats (D:2)
  3 frilled lizards
  5 goblins
  7 rats (D:1)
42 creatures vanquished.

Notes
Turn   | Place    | Note
-------+----------+-------------------------------------------
     0 | D:1      | Megalobster the Centaur Hunter began the quest for the Orb.
     0 | D:1      | Reached XP level 1. HP: 17/17 MP: 1/1
   199 | D:1      | Reached XP level 2. HP: 9/24 MP: 2/2
   409 | D:1      | Reached skill level 6 in Bows
   785 | D:1      | Reached XP level 3. HP: 29/29 MP: 3/3
  1322 | D:1      | Reached skill level 7 in Bows
  1493 | D:2      | Noticed Natasha
  1511 | D:2      | Slain by Natasha

Skill      XL: |  1  2  3 |
---------------+----------+-----
Bows           | 6 7 |  7.3
Fighting       | |  2.0
Dodging        | |  1.3
Stealth        | |  0.4

Action                   || total
-------------------------++-------
Melee: Short sword       ||    81
       Kick              ||    15
 Fire: Shortbow          ||    49
  Eat: Chunk             ||     1
Armor: Leather armour    ||    22
       Ring mail         ||    11
Dodge: Dodged            ||    49
